 Dungeon Crawl Stone Soup version 0.27-a0-705-ga0013940fb (webtiles) character file.

Game seed: 6993196495762402326

1334 tilp the Basher (level 8, -8/76 (83) HPs)
             Began as an Ogre Warper on Mar 22, 2021.
             Was a Believer of Nemelex Xobeh.
             Mangled by a wight
             ... wielding a +0 trident
              (12 damage)
             ... on level 6 of the Dungeon.
             The game lasted 00:16:18 (14455 turns).

tilp the Basher (Ogre Warper)                      Turns: 14455, Time: 00:16:19

HP:   -8/76 (83)    AC:  3    Str: 16    XL:     8   Next: 61%
MP:   11/11         EV:  4    Int: 16    God:    Nemelex Xobeh [**....]
Gold: 15            SH: 10    Dex:  8    Spells: 9/11 levels left

rFire    . . .     SeeInvis .   a - +0 flail
rCold    . . .     Faith    .   t - +0 tower shield
rNeg     + . .     Spirit   .   j - +0 robe
rPois    .         Reflect  .   (helmet restricted)
rElec    .         Harm     .   (no cloak)
rCorr    .         Rampage  .   (gloves unavailable)
Will     .....                  (boots unavailable)
Stlth    +.........             (no amulet)
HPRegen  0.22/turn              i - ring of positive energy
MPRegen  0.12/turn              (no ring)

@: drained
A: large, unfitting armour, tough skin 1
a: Renounce Religion, Draw Escape, Draw Destruction, Draw Summoning


You were on level 6 of the Dungeon.
You worshipped Nemelex Xobeh.
Nemelex Xobeh was pleased with you.
You visited 1 branch of the dungeon, and saw 7 of its levels.

You collected 219 gold pieces.
You spent 204 gold pieces at shops.

Inventory:

Hand Weapons
 a - a +0 flail (weapon)
 b - a +0 vampiric giant club
 p - a +0 mace
 y - a +2 dagger of venom
Missiles
 e - 5 boomerangs of dispersal
 o - 8 boomerangs
 u - 31 poisoned darts (quivered)
 v - 7 sling bullets
 E - 7 atropa-tipped darts
Armour
 j - a +0 robe (worn)
 t - a +0 tower shield (worn)
Jewellery
 i - a ring of positive energy (right hand)
 r - a ring of willpower
Wands
 s - a wand of acid (4)
 w - a wand of flame (3)
Scrolls
 d - 4 scrolls of blinking
 f - 2 scrolls of magic mapping
 g - a scroll of fear
 l - 2 scrolls of teleportation
 D - 3 scrolls of identify
Potions
 c - a potion of brilliance
 h - 2 potions of lignification
 k - 5 potions of curing
 q - 2 potions of invisibility
 x - 2 potions of attraction
 A - a potion of magic
 B - a potion of mutation


   Skills:
 + Level 5.7 Fighting
 - Level 8.0 Maces & Flails
 - Level 1.0 Throwing
 - Level 2.1 Dodging
 - Level 2.4 Spellcasting
 - Level 2.6 Translocations
 + Level 3.1 Invocations
 - Level 2.0 Evocations


You had 9 spell levels left.
You knew the following spells:

 Your Spells              Type           Power      Damage    Failure   Level
a - Blink                 Tloc           N/A        N/A       95%         2

Your spell library contained the following spells:

 Spells                   Type           Power      Damage    Failure   Level
 Apportation              Tloc           20%        N/A       86%         1
 Animate Skeleton         Necr           2%         N/A       99%         1
 Corona                   Hex            1%         N/A       99%         1
 Summon Small Mammal      Summ           4%         N/A       99%         1
 Gell's Gravitas          Tloc           5%         N/A       99%         3
 Lesser Beckoning         Tloc           5%         N/A       99%         3
 Teleport Other           Tloc           10%        N/A       99%         3
 Manifold Assault         Tloc           10%        N/A       100%        4


Dungeon Overview and Level Annotations

Branches:
Dungeon (7/15)             Temple (0/1) D:5

Altars:
Ashenzari
Cheibriados
Dithmenos
Elyvilon
Hepliaklqana
Kikubaaqudgha
Nemelex Xobeh
Ru
Trog
Uskayaw
Xom

Shops:
D:4 *   D:6 ?

Annotations:
D:4 exclusion: scorpion


Innate Abilities, Weirdness & Mutations

You are too large for most types of armour.
You have tough skin. (AC +1)


Message History

You block the iguana's attack.
You barely miss the iguana.
The iguana is almost dead.
The iguana bites you but does no damage.
You block the iguana's attack.
You sock the iguana!
You kill the iguana!
A wight comes into view. It is wielding a +0 trident.
You can't wield that with a shield.
Unknown command.
Found 14 poisoned darts.
You block the wight's attack.
There is a stone staircase leading up, spattered with blood here.
The wight hits you with a +0 trident!
You climb upwards.
There is a stone staircase leading down here.
You barely miss the wight. You block the wight's attack.
The wight hits you with a +0 trident!
You hit the wight but do no damage. The wight hits you with a +0 trident!
You partially resist.
You feel drained.
You barely miss the wight. The wight hits you with a +0 trident.
You partially resist.
You feel drained. The wight hits you with a +0 trident! You partially resist.
You feel drained.
You barely miss the wight. The wight hits you with a +0 trident.
You hit the wight but do no damage. The wight hits you with a +0 trident.
* * * LOW HITPOINT WARNING * * *
You partially resist.
You feel drained.
* * * LOW HITPOINT WARNING * * *
The wight hits you with a +0 trident!
* * * LOW HITPOINT WARNING * * *
You hit the wight.
The wight is moderately damaged.
The wight hits you with a +0 trident!
* * * LOW HITPOINT WARNING * * *
You partially resist.
You feel drained.
You barely miss the wight.
The wight is moderately damaged.
The wight hits you with a +0 trident!
You die...
Your body glows slightly and disappears.

########.#.#.##
#...##........#
#......#.#.#<##
#.............#
#######......#.#.#.##
#...............##†##
#...............##...
#...............#####
#...@..........## #
#..z.....##.##..# #
#........##.###)# #
#........##.# #.## #
####+######.# #..####
#.######.####.##..
#.................
########.####..#.#
#.....###.#.#


You could see a wight.

Vanquished Creatures
  An ice beast (D:5)
  A black bear (D:6)
  2 ogres
  A bullfrog (D:6)
  A centaur skeleton (D:4)
  A jelly (D:6)
  An orc priest (D:3)
  2 bullfrog skeletons (D:4)
  A gnoll shaman (D:5)
  2 hounds
  4 iguanas
  7 worker ants
  Natasha (thrice) (D:3)
  An orc wizard (D:4)
  A killer bee zombie (D:5)
  8 gnolls
  10 adders
  A shadow imp (D:7)
  An ufetubus (D:6)
  A worm (D:2)
  2 dart slugs
  12 orcs
  5 bats
  5 giant cockroaches
  4 goblins
  6 hobgoblins
  10 jackals
  6 oozes
  13 quokkas
  6 ball pythons
  4 frilled lizards
  4 kobolds
  2 quokka skeletons
  5 rats
134 creatures vanquished.

Vanquished Creatures (others)
  A human (D:6)
  19 plants (D:2)
20 creatures vanquished.

Grand Total: 154 creatures vanquished

Notes
Turn   | Place    | Note
-------+----------+-------------------------------------------
     0 | D:1      | tilp the Ogre Warper began the quest for the Orb.
     0 | D:1      | Reached XP level 1. HP: 22/22 MP: 3/3
    29 | D:1      | Reached skill level 2 in Maces & Flails
   141 | D:1      | Reached XP level 2. HP: 29/29 MP: 5/5
   450 | D:1      | Learned a level 2 spell: Blink
  1059 | D:1      | Reached skill level 3 in Maces & Flails
  1115 | D:1      | Reached XP level 3. HP: 33/36 MP: 6/6
  2044 | D:2      | Found a shimmering altar of Xom.
  2102 | D:2      | Reached XP level 4. HP: 39/44 MP: 7/7
  2127 | D:2      | Found a snail-covered altar of Cheibriados.
  2351 | D:2      | Found a shadowy altar of Dithmenos.
  2411 | D:2      | Reached skill level 4 in Maces & Flails
  2714 | D:2      | Found a faded altar of an unknown god.
  3131 | D:2      | Reached XP level 5. HP: 27/50 MP: 8/8
  4597 | D:3      | Found a sacrificial altar of Ru.
  4626 | D:3      | Became a worshipper of Ru the Awakened
  4662 | D:3      | Noticed Natasha
  4675 | D:3      | Killed Natasha
  4676 | D:3      | Reached skill level 5 in Maces & Flails
  5081 | D:3      | Found a sparkling altar of Nemelex Xobeh.
  5097 | D:3      | Fell from the grace of Ru
  5097 | D:3      | Became a worshipper of Nemelex Xobeh the Trickster
  5752 | D:3      | Reached XP level 6. HP: 62/62 MP: 9/9
  5812 | D:3      | Noticed Natasha
  5835 | D:3      | Killed Natasha
  6182 | D:3      | Noticed Natasha
  6193 | D:3      | Killed Natasha
  7447 | D:4      | Reached skill level 6 in Maces & Flails
  7667 | D:4      | HP: 3/62 [orc wizard/magic dart (6)]
  7669 | D:4      | Reached XP level 7. HP: 4/70 MP: 10/10
  8193 | D:4      | Found Isoib's Assorted Antiques.
  8201 | D:4      | Bought a scroll of identify for 38 gold pieces
  8201 | D:4      | Bought a scroll labelled PAKAENNIROA for 19 gold pieces
  8201 | D:4      | Bought a cyan potion for 17 gold pieces
  8270 | D:4      | Reached * piety under Nemelex Xobeh
  8306 | D:4      | Received a gift from Nemelex Xobeh
  8865 | D:5      | Entered Level 5 of the Dungeon
 10573 | D:5      | Reached skill level 7 in Maces & Flails
 11205 | D:5      | Found a hide-covered altar of Uskayaw.
 11486 | D:5      | Found a staircase to the Ecumenical Temple.
 11767 | D:5      | Reached skill level 8 in Maces & Flails
 11767 | D:5      | Reached XP level 8. HP: 78/78 MP: 11/11
 11922 | D:5      | Received a gift from Nemelex Xobeh
 12242 | D:6      | Reached skill level 1 in Invocations
 12614 | D:6      | Reached skill level 1 in Evocations
 12666 | D:6      | Found a hazy altar of Hepliaklqana.
 12666 | D:6      | Found a bloodstained altar of Trog.
 12667 | D:6      | Found a white marble altar of Elyvilon.
 12754 | D:6      | Reached ** piety under Nemelex Xobeh
 12979 | D:6      | Found Xaxos's Magic Scroll Boutique.
 12987 | D:6      | Bought 3 scrolls of identify for 78 gold pieces
 12987 | D:6      | Bought a scroll of identify for 26 gold pieces
 12987 | D:6      | Bought a scroll of identify for 26 gold pieces
 13037 | D:6      | Found a broken altar of Ashenzari.
 13119 | D:6      | Received a gift from Nemelex Xobeh
 13499 | D:6      | Found an ancient bone altar of Kikubaaqudgha.
 13577 | D:6      | Reached skill level 5 in Fighting
 14455 | D:6      | Mangled by a wight

Illustrated notes

Levels and vault maps discovered:
D:1:      kennysheep_arrival_forest, layout_loops_ring
D:2:      wad_woods_settlement, layout_loops_cross, marbit_many_paths,
          nicolae_dithmenos_shadow_blocks, kennysheep_slug_shrine,
          chequers_ecumenical_altar_simple
D:3:      layout_loops_corners, nemelex_xobeh_ov_fountains_minmay,
          nicolae_ru_path_of_blood, st_stairs_10, columned_hall_lemuel,
          minmay_fractal_squares_diagonal_5, uniq_natasha
D:4:      layout_basic, serial_shops, nicolae_shop_statue_plus,
          dk_noncrumbling_3
D:5:      layout_rooms, nicolae_uskayaw_dance_hall,
          minmay_temple_entry_sparse_star
D:6:      layout_basic, overflow_temple_1_default,
          gammafunk_temple_overflow_claw, serial_shops, shop, st_stairs_8,
          tgw_kikubaaqudgha
D:7:      layout_cave_pools

Skill      XL: |  1  2  3  4  5  6  7  8 |
---------------+-------------------------+-----
Maces & Flails | 2 3 4 5 6 8 |  8.0
Fighting       | 3 4 5 |  5.7
Invocations    | 3 |  3.1
Evocations     | 2 |  2.0
Throwing       | |  1.0
Dodging        | |  2.1
Spellcasting   | |  2.4
Translocations | |  2.6

Action                   |  1- 3 |  4- 6 |  7- 9 || total
-------------------------+-------+-------+-------++-------
Melee: Mace              |    85 |    20 |       ||   105
       Flail             |       |   280 |   241 ||   521
       Dagger            |       |     9 |       ||     9
Throw: Dart              |       |     7 |    42 ||    49
Invok: Draw Destruction  |       |       |     2 ||     2
Evoke: Wand              |       |     1 |       ||     1
  Use: Scroll            |     2 |     4 |    10 ||    16
       Potion            |       |     2 |       ||     2
 Stab: Sleeping          |       |     1 |       ||     1
Armor: Robe              |    23 |    66 |    78 ||   167
       Skin              |       |     4 |       ||     4
Dodge: Dodged            |    40 |    86 |    52 ||   178
Block: Tower shield      |       |   104 |   190 ||   294

Table legend: (Time is in decaauts)
 A = Elapsed time spent in this place.
 B = Non-inter-level travel time spent in this place.
 C = Inter-level travel time spent in this place.
 D = Time resting spent in this place.
 E = Time spent auto-exploring this place.
 F = Levels seen in this place.
 G = Mean time per level.
                   A        B        C        D        E       F      G
               +--------+--------+--------+--------+--------+-----+--------+
         Total |  14787 |  14324 |    463 |   7550 |   4975 |   7 | 2112.4 |
       Dungeon |  14787 |  14324 |    463 |   7550 |   4975 |   7 | 2112.4 |
               +--------+--------+--------+--------+--------+-----+--------+

Top non-repeatable levels by time:
     D:3: 3470 daAuts
     D:4: 3207 daAuts
     D:2: 3100 daAuts
     D:6: 2238 daAuts
     D:5: 1444 daAuts
     D:1: 1235 daAuts
     D:7: 89 daAuts
